 Dungeon Crawl Stone Soup version 0.27.1-33-g824d729ab1 (webtiles) character file.

Game seed: 5842037978679107822

301 zeram the Magician (level 6, -12/32 HPs)
             Began as a Deep Elf Conjurer on Dec 10, 2021.
             Killed from afar by a steam dragon (24 damage)
             ... with a ball of steam
             ... on level 5 of the Dungeon.
             The game lasted 00:08:11 (4106 turns).

zeram the Magician (Deep Elf Conjurer)              Turns: 4106, Time: 00:08:11

Health: -12/32     AC:  2    Str:  4    XL:     6   Next: 14%
Magic:  11/17      EV: 13    Int: 25    God:
Gold:   194        SH:  0    Dex: 13    Spells: 11/17 levels left

rFire    . . .     SeeInvis .   d - +3 dagger (venom)
rCold    . . .     Faith    .   (no shield)
rNeg     . . .     Spirit   .   a - +0 robe
rPois    .         Reflect  .   (no helmet)
rElec    .         Harm     .   c - scarf {+Inv}
rCorr    .         Rampage  .   (no gloves)
Will     .....                  (no boots)
Stlth    ++........             (no amulet)
HPRegen  0.10/turn              (no ring)
MPRegen  0.15/turn              (no ring)

@: no status effects
A: no striking features
a: Evoke Invisibility


You were on level 5 of the Dungeon.
You visited 1 branch of the dungeon, and saw 5 of its levels.

You collected 194 gold pieces.

Inventory:

Hand Weapons
 d - a +3 dagger of venom (weapon)
Armour
 a - a +0 robe (worn)
 c - a scarf of invisibility (worn)
Scrolls
 b - a scroll of noise {unknown}
 e - a scroll of teleportation
 h - 2 scrolls of immolation
Potions
 g - a potion of invisibility
 j - 2 potions of attraction
 k - 3 potions of curing
 l - a potion of haste {unknown}
 m - a potion of flight {unknown}
 o - a potion of ambrosia {unknown}


   Skills:
 * Level 4.3 Dodging
 - Level 2.4 Stealth
 + Level 6.2 Spellcasting
 + Level 5.8 Conjurations


You had 11 spell levels left.
You knew the following spells:

 Your Spells              Type           Power      Damage    Failure   Level
a - Magic Dart            Conj           100%       1d8       1%          1
b - Searing Ray           Conj           72%        3d6       1%          2
c - Dazzling Flash        Conj/Hex       44%        N/A       7%          3

Your spell library contained the following spells:

 Spells                   Type           Power      Damage    Failure   Level
 Static Discharge         Conj/Air       22%        N/A       3%          2
 Stone Arrow              Conj/Erth      44%        3d9       7%          3
 Fulminant Prism          Conj/Hex       11%        3d9       22%         4
 Iskenderun's Mystic Bla  Conj/Tloc      22%        2d6       22%         4
 Lightning Bolt           Conj/Air       11%        1d24      52%         5
 Animate Armour           Summ/Erth      14%        N/A       58%         4
 Lehudib's Crystal Spear  Conj/Erth      11%        10d4      100%        8
 Maxwell's Capacitive Co  Air            3%         ∞         100%        8


Dungeon Overview and Level Annotations

Branches:
Dungeon (5/15)
 Temple: D:4-7

Altars:
Uskayaw
Xom


Message History

Increase (S)trength, (I)ntelligence, or (D)exterity?
You feel clever.
You now have 174 gold pieces (gained 11).
You now have 194 gold pieces (gained 20).
A steam dragon comes into view.
A steam dragon is nearby!
A steam dragon is nearby!
A steam dragon is nearby!
Casting: Searing Ray (safe; 1% risk of failure)
Confirm with . or Enter, or press ? or * to list all spells.
Aiming: Searing Ray (safe; 1% risk of failure)
Press: ? - help, Shift-Dir - straight line, f - steam dragon
Aim: a steam dragon (asleep, 100% to hit)
The searing ray hits the steam dragon.
The steam dragon is moderately wounded.
The steam dragon hisses angrily. (Press . to maintain the ray.)
The searing ray hits the steam dragon.
The steam dragon is moderately wounded.
The searing ray misses the steam dragon.
The steam dragon breathes steam at you. The ball of steam hits you!!
Ouch! That really hurt!
Unknown command.
Okay, then.
You feel much better.
You are engulfed in a cloud of scalding steam.
The steam dragon bites you. The steam dragon barely misses you.
Casting: Searing Ray (safe; 1% risk of failure)
Confirm with . or Enter, or press ? or * to list all spells.
Aiming: Searing Ray (safe; 1% risk of failure)
Press: ? - help, Shift-Dir - straight line, f/p - steam dragon
Aim: a steam dragon (moderately wounded, 81% to hit)
The searing ray hits the steam dragon!
The steam dragon is severely wounded. (Press . to maintain the ray.)
The steam dragon breathes steam at you. The ball of steam hits you!!
Ouch! That really hurt!
You die...

#....# 8...8#
##.### ##8##
#.#########
#.........#
#######...####
#.........####
#............#
#.........##.#
####...#####@#
#...# #D#
#...#
#........
#####
####.###. #


You could see a steam dragon (catching breath).

Vanquished Creatures
  A scorpion (D:5)
  A bullfrog skeleton (D:4)
  2 hounds
  An orc wizard (D:4)
  2 hound skeletons (D:4)
  2 adders
  A shadow imp (D:5)
  A white imp (D:5)
  2 worms (D:2)
  2 dart slugs
  5 orcs (D:3)
  5 ball pythons
  4 endoplasms
  5 giant cockroaches
  4 goblins
  6 hobgoblins
  2 quokkas
  4 bats
  3 frilled lizards
  7 kobolds
  4 rats
64 creatures vanquished.

Notes
Turn   | Place    | Note
-------+----------+-------------------------------------------
     0 | D:1      | zeram the Deep Elf Conjurer began the quest for the Orb.
     0 | D:1      | Reached XP level 1. HP: 10/10 MP: 6/6
   189 | D:1      | Reached XP level 2. HP: 14/15 MP: 1/8
   192 | D:1      | Learned a level 2 spell: Searing Ray
   543 | D:1      | Reached skill level 4 in Spellcasting
   848 | D:2      | Reached XP level 3. HP: 19/19 MP: 4/10
   901 | D:2      | Learned a level 3 spell: Dazzling Flash
  1589 | D:2      | Found a faded altar of an unknown god.
  2323 | D:3      | Reached XP level 4. HP: 24/24 MP: 5/12
  2846 | D:4      | Reached skill level 5 in Spellcasting
  2991 | D:4      | Reached skill level 5 in Conjurations
  3405 | D:4      | Reached XP level 5. HP: 28/28 MP: 7/14
  3809 | D:5      | Entered Level 5 of the Dungeon
  3963 | D:5      | Reached skill level 6 in Spellcasting
  4048 | D:5      | Found a hide-covered altar of Uskayaw.
  4051 | D:5      | Found a shimmering altar of Xom.
  4055 | D:5      | Reached XP level 6. HP: 32/32 MP: 13/17
  4100 | D:5      | Noticed a steam dragon
  4106 | D:5      | Killed from afar by a steam dragon

Illustrated notes

Levels and vault maps discovered:
D:1:      eino_arrival_cavern_d, layout_rooms, minmay_misc_feat_secret_circle
D:2:      layout_rooms, hellmonk_ecumenical_altar_blasted, amethyst_killhole,
          st_stairs_3, hangedman_glass_teeth, grunt_decor_cap, dk_vineyard_1
D:3:      layout_basic
D:4:      layout_gridville
D:5:      minmay_recursive_quarters, layout_loops_ring,
          nicolae_overflow_hidden_temple, minmay_temple_entry_stoned_glass,
          hangedman_decor_peaks_small

Skill      XL: |  1  2  3  4  5 |
---------------+----------------+-----
Dodging        | 3 4 |  4.3
Spellcasting   | 4 5 6 |  6.2
Conjurations   | 5 |  5.8
Stealth        | |  2.4

Action                   |  1- 3 |  4- 6 || total
-------------------------+-------+-------++-------
Melee: Dagger            |    15 |     2 ||    17
 Cast: Magic Dart        |    78 |    24 ||   102
       Searing Ray       |     8 |    13 ||    21
  Use: Scroll            |       |    10 ||    10
       Potion            |       |     1 ||     1
 Stab: Sleeping          |       |     1 ||     1
Armor: Robe              |     6 |     2 ||     8
Dodge: Dodged            |    22 |     9 ||    31
